 Dungeon Crawl Stone Soup version 0.29-a0-321-gf1c400731a (webtiles) character file.

Game seed: 3985459989371685396

91 hellse the Sneak (level 4, -1/35 HPs)
             Began as a Demonspawn Delver on Apr 3, 2022.
             Succumbed to a killer bee's poison
             ... on level 5 of the Dungeon.
             The game lasted 00:03:03 (1169 turns).

hellse the Sneak (Demonspawn Delver)                Turns: 1169, Time: 00:03:04

Health: -1/35      AC:  7    Str: 13 (15) XL:     4   Next: 34%
Magic:  4/4        EV: 11    Int:  8 (11) God:
Gold:   32         SH:  0    Dex: 13 (14) Spells: 3/3 levels left

rFire   . . .      SeeInvis .   i - +2 trident (venom)
rCold   . . .      Faith    .   (no shield)
rNeg    . . .      Spirit   .   b - +0 leather armour
rPois   .          Reflect  .   (helmet restricted)
rElec   .          Harm     .   (no cloak)
rCorr   .          Rampage  .   (no gloves)
Will    .....                   (no boots)
Stlth   ++........              (no amulet)
HPRegen 0.11/turn               k - +4 ring of protection
MPRegen 0.09/turn               (no ring)

@: lethally poisoned (-1 -> -14)
A: horns 1, demonic guardian 1, ignite blood 1
a: no special abilities


You were on level 5 of the Dungeon.
You visited 1 branch of the dungeon, and saw 4 of its levels.

You collected 32 gold pieces.

Inventory:

Hand Weapons
 i - a +2 trident of venom (weapon)
 j - a +0 hand crossbow of flaming
Armour
 a - a +0 helmet
 b - a +0 leather armour (worn)
Jewellery
 k - a +4 ring of protection (left hand)
Wands
 g - a wand of digging (3)
Scrolls
 c - a scroll of fog
 e - a scroll of fear
 h - 3 scrolls of identify {unknown}
Potions
 f - a potion of haste


   Skills:
 - Level 3.0 Fighting
 - Level 1.7(3.0) Axes
 + Level 3.7(3.9) Polearms
 - Level 1.7 Dodging
 - Level 4.5 Stealth


You had 3 spell levels left.
You didn't know any spells.
Your spell library was empty.

Dungeon Overview and Level Annotations

Branches:
Dungeon (6/15)
 Temple: D:4-7

Altars:
Vehumet

Annotations:
D:5 Grinder


Innate Abilities, Weirdness & Mutations

You have a pair of small horns on your head.
A weak demonic guardian rushes to your aid.
Your demonic aura sometimes causes spilled blood to erupt in flames.


Message History

The killer bee buzzes angrily.
You climb upwards.
Level annotation: Grinder
There is a stone staircase leading down here.
You miss the killer bee. Your headbutt misses the killer bee.
The killer bee stings you.
The killer bee stings you but does no damage.
You miss the killer bee. The killer bee closely misses you.
The killer bee stings you but does no damage.
You miss the killer bee. Your headbutt misses the killer bee.
The killer bee barely misses you. The killer bee stings you.
You are poisoned.
The killer bee poisons you!
You closely miss the killer bee.
You feel sick. The killer bee barely misses you. The killer bee misses you.
You hit the killer bee but do no damage.
The killer bee is poisoned.
Your headbutt misses the killer bee.
You feel sick. The killer bee barely misses you.
The killer bee closely misses you. The killer bee stings you.
You are more poisoned.
The killer bee poisons you!
You miss the killer bee. Your headbutt misses the killer bee.
The killer bee is moderately wounded.
You feel very sick. The killer bee closely misses you.
The killer bee stings you.
* * * LOW HITPOINT WARNING * * *
You are more poisoned.
The killer bee poisons you!
You miss the killer bee.
The killer bee is heavily wounded.
* * * LOW HITPOINT WARNING * * *
You feel very sick. The killer bee stings you.
* * * LOW HITPOINT WARNING * * *
A demonic guardian appears!
The killer bee stings you but does no damage.
It was a potion of degeneration.
There was something very wrong with that liquid.
You feel weakened.
You feel dopey.
You feel clumsy.
You die...

*,,,5...*.##.......$..#*..
*,,,....#.##......$...#*,.
*,,,,...#.##..........#***
*,,,,,..#.##.......####
******#.#.##.......#
#:..###'###### *#..# #.#
#.5###.# ##@y)#.# ###)#.#
#.#.# #.#.# #...# #####


You could see a killer bee (very poisoned, ally target) and a friendly shadow
imp (summoned).

Vanquished Creatures
  2 orc priests
  A white imp (D:5)
  An ufetubus (D:6)
  9 orcs
  A kobold (D:4)
14 creatures vanquished.

Notes
Turn   | Place    | Note
-------+----------+-------------------------------------------
     0 | D:5      | hellse the Demonspawn Delver began the quest for the Orb.
     0 | D:5      | Reached XP level 1. HP: 18/18 MP: 1/1
     0 | D:5      | Noticed Grinder
    12 | D:6      | Noticed a wight
    46 | D:5      | Found a radiant altar of Vehumet.
    68 | D:5      | Noticed a steam dragon
    76 | D:6      | Noticed an orc wizard
    94 | D:5      | Noticed an orc priest
   107 | D:5      | Noticed a black bear
   109 | D:4      | Noticed a hound
   139 | D:4      | Reached skill level 1 in Polearms
   388 | D:4      | Noticed an orc priest
   389 | D:4      | Discovered your monstrous ancestry.
   389 | D:4      | Gained mutation: You have a pair of small horns on your
                  | head. [demonic ancestry]
   389 | D:4      | Reached XP level 2. HP: 24/24 MP: 2/2
   414 | D:4      | Gained mutation: Your demonic aura sometimes causes spilled
                  | blood to erupt in flames. [demonic ancestry]
   414 | D:4      | Reached XP level 3. HP: 4/29 MP: 3/3
   574 | D:4      | Noticed a scorpion
   755 | D:4      | You fall into a shaft and drop 2 floors!
   938 | D:6      | Noticed a killer bee
   939 | D:6      | Noticed a killer bee
   940 | D:6      | Gained mutation: A weak demonic guardian rushes to your
                  | aid. [demonic ancestry]
   940 | D:6      | Reached XP level 4. HP: 27/35 MP: 4/4
  1169 | D:5      | Succumbed to a killer bee's poison

Illustrated notes

Levels and vault maps discovered:
D:3:      layout_loops_ring, mainiacjoe_overflow_small_starburst, uniq_ijyb
D:4:      layout_basic, nicolae_yredelemnul_corpse_copse, minmay_misc_feat_roman
D:5:      layout_basic, general_overflow_altar, serial_shops, shop,
          dreamdust_wishing_well, hangedman_abyss_or_decor_passed, uniq_grinder,
          uniq_blork_the_orc
D:6:      layout_cave_pools, uniq_edmund, uniq_duvessa

Skill      XL: |  1  2  3 |
---------------+----------+-----
Polearms       | 1 2 3 |  3.7
Fighting       | |  3.0
Axes           | |  1.7
Dodging        | |  1.7
Stealth        | |  4.5

Action                   |  1- 3 |  4- 6 || total
-------------------------+-------+-------++-------
Melee: Trident           |    29 |    12 ||    41
       Headbutt          |     2 |       ||     2
 Fire: Hand crossbow     |    11 |       ||    11
  Use: Scroll            |     1 |       ||     1
       Potion            |       |     1 ||     1
Armor: Leather armour    |    12 |     9 ||    21
Dodge: Dodged            |    17 |    15 ||    32

Table legend: (Time is in decaauts)
 A = Elapsed time spent in this place.
 B = Non-inter-level travel time spent in this place.
 C = Inter-level travel time spent in this place.
 D = Time resting spent in this place.
 E = Time spent auto-exploring this place.
 F = Levels seen in this place.
 G = Mean time per level.
                   A        B        C        D        E       F      G
               +--------+--------+--------+--------+--------+-----+--------+
         Total |   1183 |   1183 |      0 |    805 |     97 |   4 |  295.8 |
       Dungeon |   1183 |   1183 |      0 |    805 |     97 |   4 |  295.8 |
               +--------+--------+--------+--------+--------+-----+--------+

Top non-repeatable levels by time:
     D:4: 650 daAuts
     D:5: 465 daAuts
     D:6: 65 daAuts
     D:3: 1 daAuts
